 Dungeon Sprint DCSS version bcrawl-1.34.3 (webtiles) character file.

Game seed: 16690588272955204851

31447 pasperui the Ruffian (level 1, 0/18 HPs)
             Began as a Naga Transmuter on Oct 17, 2021.
             Was an Initiate of Cheibriados.
             Slain by an orc
             ... wielding a +1 hand axe of chopping
              (1 damage)
             ... in the Dungeon (Sprint VII: "The Pits").
             The game lasted 00:00:38 (67 turns).

pasperui the Ruffian (Naga Transmuter)                Turns: 67, Time: 00:00:39

Health: 0/18       AC:  1    Str: 13    XL:     1   Next: 10%
Magic:  0/3        EV: 10    Int: 14    God:    Cheibriados [......]
Gold:   0          SH:  0    Dex: 12    Spells: 3/4 levels left

rFire    . . .     SeeInvis +     - Fists (7.1)
rCold    . . .     Gourm    .   (no shield)
rNeg     . . .     Faith    .   b - +0 robe
rPois    +         Spirit   .   (no helmet)
rElec    .         Reflect  .   (no cloak)
rCorr    .         Harm     .   (no gloves)
MR       .....     NoTele   +   (no barding)
Stlth    +.........             (no amulet)
HPRegen  0.06/turn              (no ring)
MPRegen  0.08/turn              (no ring)

@: very slow
A: large, see invisible, deformed body, poison resistance, slowness 2, slow
metabolism 1, spit poison 1, AC +0
a: Spit Poison, Bend Time, Renounce Religion


You were in the Dungeon.
You worshipped Cheibriados.
Cheibriados was noncommittal.
You were not hungry.

You visited 1 branch

Inventory:

Missiles
 a - 120 arrows
 p - 10 stones (quivered)
Armour
 b - a +0 robe (worn)
Scrolls
 k - a scroll of blinking
 l - 2 scrolls of vulnerability
 m - 3 scrolls of remove curse
 n - 5 scrolls of amnesia
 o - a scroll of summoning
Potions
 c - 2 potions of invisibility
 d - a potion of lignification
 f - a potion of curing
 g - a potion of heal wounds
 h - a potion of haste
 i - 4 potions of magic
 j - 3 potions of berserk rage
Comestibles
 e - 9 rations {!d}


   Skills:
 - Level 1.0 Fighting
 - Level 1.5 Dodging
 * Level 3.4 Unarmed Combat
 - Level 2.0 Spellcasting
 - Level 2.0 Transmutations


You had 3 spell levels left.
You knew the following spells:

 Your Spells              Type           Power        Failure   Level  Hunger
a - Beastly Appendage     Tmut           #.....       11%         1    None

Your spell library contained the following spells:

 Spells                   Type           Power        Failure   Level  Hunger
 Sticks to Snakes         Tmut           #.......     16%         2    ##.....
 Passwall                 Tmut/Erth      #.......     24%         2    ##.....
 Spider Form              Tmut/Pois      #..          43%         3    ####...
 Ice Form                 Ice/Tmut       #.......     83%         4    ######.
 Blade Hands              Tmut           #.........   96%         5    #######


Dungeon Overview and Level Annotations

Branches:
Dungeon (1/1)

Altars:
Ashenzari
Cheibriados
Dithmenos
Elyvilon
Fedhas
Gozag
Hepliaklqana
Kikubaaqudgha
Lugonu
Makhleb
Nemelex Xobeh
Okawaru
Qazlal
Ru
Sif Muna
Trog
Uskayaw
Vehumet
Wu Jian
Xom
Yredelemnul
Zin
The Shining One
Beogh
Jiyva


Innate Abilities, Weirdness & Mutations

You cannot wear boots.
Your serpentine skin is tough. (AC +0)
You have supernaturally acute eyesight. (SInv)
Armour fits poorly on your strangely shaped body.
Your system is resistant to poisons. (rPois)
You cover ground very slowly.
You have a slow metabolism.
You can spit poison.


Message History

You can now bend time to slow others.
There is a sparkling altar of Nemelex Xobeh here.
There is a basalt altar of Yredelemnul here.
There is a glowing silver altar of Zin here.
There is a glowing golden altar of the Shining One here.
There is an open door to the Temple (Safe) here.
You open the door.
A leopard gecko and an orc come into view.
The orc is wielding a +1 hand axe of chopping.
The orc shouts!
The leopard gecko hisses angrily.
The flow of time bends around you.
You barely miss the orc. The orc barely misses you.
You hit the orc but do no damage. You closely miss the orc.
The orc hits you with a +1 hand axe of chopping!
You hit the orc.
The orc is heavily wounded.
The orc hits you with a +1 hand axe of chopping!
* * * LOW HITPOINT WARNING * * *
You die...

############
#_________.#
#_________.#
#_______...###########++
##########'##...........
#..|.')))'.##......#..#
##########.##..........
.......@...'...........
+#####o#####......#..#.
..l #........... .....
####'#####+ ###+##
#.......# #.......#
#.......# #...<...#
#.......#


You could see an orc and a leopard gecko.

Vanquished Creatures
  A ball python (D)
1 creature vanquished.

Notes
Turn   | Place    | Note
-------+----------+-------------------------------------------
     0 | D        | pasperui the Naga Transmuter began the quest for the Orb.
     0 | D        | Reached XP level 1. HP: 18/18 MP: 3/3
    41 | D        | Found a glowing golden altar of the Shining One.
    41 | D        | Found a glowing silver altar of Zin.
    41 | D        | Found a basalt altar of Yredelemnul.
    41 | D        | Found a shimmering altar of Xom.
    41 | D        | Found an ornate altar of the Wu Jian Council.
    41 | D        | Found a bloodstained altar of Trog.
    41 | D        | Found a shimmering blue altar of Sif Muna.
    41 | D        | Found a sacrificial altar of Ru.
    41 | D        | Found a stormy altar of Qazlal.
    41 | D        | Found an iron altar of Okawaru.
    41 | D        | Found a sparkling altar of Nemelex Xobeh.
    41 | D        | Found a burning altar of Makhleb.
    41 | D        | Found a viscous altar of Jiyva.
    41 | D        | Found a hazy altar of Hepliaklqana.
    41 | D        | Found an opulent altar of Gozag.
    41 | D        | Found a blossoming altar of Fedhas.
    41 | D        | Found a white marble altar of Elyvilon.
    41 | D        | Found a shadowy altar of Dithmenos.
    41 | D        | Found a snail-covered altar of Cheibriados.
    42 | D        | Found a radiant altar of Vehumet.
    42 | D        | Found a corrupted altar of Lugonu.
    42 | D        | Found a roughly hewn altar of Beogh.
    43 | D        | Found a hide-covered altar of Uskayaw.
    43 | D        | Found an ancient bone altar of Kikubaaqudgha.
    43 | D        | Found a shattered altar of Ashenzari.
    50 | D        | Became a worshipper of Cheibriados the Contemplative
    67 | D        | Slain by an orc

Action                   || total
-------------------------++-------
Melee: Unarmed           ||     7
Invok: Bend Time         ||     1
Dodge: Dodged            ||     4
